 Dungeon Crawl Stone Soup version 0.31-a0-154-g56bf346678 (webtiles) character file.

Game seed: 8145074985795932538

61467 ThermosAquaticus the Spry (level 14, -8/71 HPs)
             Began as a Felid Summoner on June 10, 2023.
             Was an Initiate of Gozag.
             Mangled by a tentacled monstrosity (12 damage)
             ... on level 4 of the Swamp on June 11, 2023.
             The game lasted 02:48:02 (35530 turns).

ThermosAquaticus the Spry (Felid Summoner)         Turns: 35530, Time: 02:48:02

Health: -8/71      AC:  3    Str:  4    XL:     14   Next: 60%
Magic:  8/29       EV: 31    Int: 23    God:    Gozag
Gold:   6511       SH:  5    Dex: 18    Spells: 1/33 levels left
                                        Lives:  0   Deaths: 4

rFire   + . .        (weapon unavailable)
rCold   . . .        (shield unavailable)
rNeg    . . .        (body armour unavailable)
rPois   +            (helmet unavailable)
rElec   .            (cloak unavailable)
rCorr   .            (gloves unavailable)
SInv    +            (boots unavailable)
Will    ++...        H - amulet of reflection
Stlth   +            K - ring of poison resistance
HPRegen 0.31/turn    h - ring of fire
MPRegen 0.21/turn

%: reflection
@: forested, very slow
A: very small, claws 1, fangs 3, see invisible, speed 1, shaggy fur 3, stealthy
paws, no weapons or thrown items, no armour, multi-lived
a: Renounce Religion, Potion Petition, Call Merchant, Bribe Branch


You were on level 4 of the Swamp.
You worshipped Gozag.
Gozag was greatly pleased with you.
You visited 5 branches of the dungeon, and saw 27 of its levels.
You also visited: Trove and Sewer.

You collected 10331 gold pieces.
You spent 1246 gold pieces at shops.
You paid 2574 gold pieces to Gozag.

Inventory:

Jewellery
 h - a ring of fire (right paw)
 p - the amulet "Kamaheal" {Drain rElec rC+ rN+ Regen+}
   (You found it in a treasure trove)

   [amulet of regeneration]

   rC:        It protects you from cold.
   rElec:     It insulates you from electricity.
   rN:        It protects you from negative energy.
   Regen:     It increases your rate of health regeneration.
   Drain:     It drains your maximum health when unequipped.
 q - a ring of resist corrosion
 t - a +6 ring of dexterity
 B - a +6 ring of intelligence
 H - an amulet of reflection (around neck)
 K - a ring of poison resistance (left paw)
Wands
 A - a wand of mindburst (23)
 D - a wand of iceblast (1)
 F - a wand of charming (16)
 M - a wand of light (7)
Scrolls
 d - 2 scrolls of blinking
 e - 5 scrolls of amnesia
 g - 3 scrolls of magic mapping
 j - 5 scrolls of teleportation
 k - 5 scrolls of identify
 o - 6 scrolls of poison
 r - 7 scrolls of immolation
 u - 4 scrolls of fear
 w - 2 scrolls of butterflies
 E - 5 scrolls of vulnerability
 J - a scroll of fog
Potions
 a - 3 potions of magic
 b - 5 potions of might
 c - 4 potions of haste
 f - 2 potions of invisibility
 i - 8 potions of curing
 l - a potion of heal wounds
 m - 2 potions of resistance
 n - 2 potions of lignification
 v - 5 potions of attraction
 x - 10 potions of ambrosia
 z - 2 potions of berserk rage
 C - a potion of cancellation
 I - 3 potions of enlightenment
 L - a potion of brilliance
Miscellaneous
 y - a phial of floods
 G - a lightning rod (4/4)


   Skills:
 + Level 13.7 Fighting
 + Level 17.7 Dodging
 - Level 2.6 Stealth
 + Level 10.3 Spellcasting
 - Level 10.0 Hexes
 - Level 10.4 Summonings
 - Level 10.0 Translocations
 + Level 10.1 Transmutations
 + Level 12.4 Air Magic


You had one spell level left.
You knew the following spells:

 Your Spells              Type           Power      Damage    Failure   Level
a - Summon Small Mammal   Summ           100%       N/A       1%          1
b - Call Imp              Summ           100%       N/A       1%          2
c - Call Canine Familiar  Summ           56%        N/A       1%          3
d - Summon Guardian Gole  Hex/Summ       56%        N/A       1%          3
e - Summon Lightning Spi  Summ/Air       59%        N/A       1%          4
f - Summon Forest         Summ/Tloc      28%        N/A       2%          5
g - Summon Mana Viper     Hex/Summ       56%        N/A       2%          5
h - Blink                 Tloc           100%       N/A       1%          2
i - Storm Form            Tmut/Air       29%        N/A       41%         7

Your spell library contained the following spells:

 Spells                   Type           Power      Damage    Failure   Level
 Apportation              Tloc           100%       N/A       1%          1
 Freeze                   Ice            44%        1d6       5%          1
 Necrotise                Necr           44%        1d6       5%          1
 Cigotuvi's Dreadful Rot  Necr/Pois/Air  60%        N/A       1%          2
 Ensorcelled Hibernation  Hex/Ice        68%        N/A       1%          2
 Lesser Beckoning         Tloc           100%       N/A       1%          2
 Wereblood                Tmut           55%        N/A       1%          2
 Gell's Gravitas          Tloc           55%        N/A       1%          3
 Spider Form              Tmut/Pois      35%        N/A       1%          3
 Teleport Other           Tloc           55%        N/A       1%          3
 Tukima's Dance           Hex            55%        N/A       1%          3
 Manifold Assault         Tloc           55%        N/A       1%          4
 Passage of Golubria      Tloc           55%        N/A       1%          4
 Silence                  Hex/Air        29%        N/A       1%          5
 Dazzling Flash           Conj/Hex       68%        N/A       2%          3
 Yara's Violent Unravell  Hex/Tmut       27%        3d12      2%          5
 Ignite Poison            Fire/Tmut/Pois 41%        N/A       4%          3
 Anguish                  Hex/Necr       17%        N/A       7%          4
 Sublimation of Blood     Necr           11%        N/A       9%          2
 Summon Cactus Giant      Summ           28%        N/A       12%         6
 Frozen Ramparts          Ice            22%        1d4       17%         3
 Hailstorm                Conj/Ice       11%        3d5       17%         3
 Freezing Cloud           Conj/Ice/Air   15%        6-21      28%         5
 Summon Hydra             Summ           28%        N/A       54%         7
 Eringya's Noxious Bog    Tmut/Pois      17%        N/A       71%         6
 Agony                    Necr           11%        N/A       83%         5


Dungeon Overview and Level Annotations

Branches:
Dungeon (15/15)            Temple (1/1) D:5            Lair (5/5) D:8
  Swamp (4/4) Lair:3       Spider (0/4) Lair:2        Slime (0/5) Lair:5
    Orc (2/2) D:9             Elf (0/3) Orc:2        Vaults (0/5) D:13
 Depths (0/4) D:15          Sewer (visited)

Altars:
Cheibriados
Dithmenos
Elyvilon
Fedhas
Gozag
Hepliaklqana
Kikubaaqudgha
Makhleb
Nemelex Xobeh
Okawaru
Qazlal
Ru
Sif Muna
Uskayaw
Vehumet
Wu Jian
Xom
Yredelemnul
Zin
The Shining One
Jiyva
Lugonu

Shops:
D:6 *   D:7 :!(   D:11 :=:   Orc:1 *   Orc:2 !?!   Lair:1 :   Lair:4 ?

Annotations:
D:6 exclusion: player ghost
D:9 exclusion: orange crystal statue
D:12 Gastronok
Lair:4 2 transporters, FlatIsJustice's ghost, journeyman DEEE
Swamp:1 Mlioglotl; Nikola


Innate Abilities, Weirdness & Mutations

You have sharp claws.
You have razor-sharp teeth.
You have supernaturally acute eyesight. (SInv)
You cover ground quickly. (Speed+)
Your thick and shaggy fur keeps you warm. (AC +3, rC+)
Your paws help you pounce on unaware monsters.
You are incapable of wielding weapons or throwing items.
You cannot wear armour.
You gain extra lives every three experience levels.


Message History

The tentacled monstrosity tentacle-slaps you!
The tentacled monstrosity grabs you.
The tentacled monstrosity constricts you!
The tentacled monstrosity's grasp on you weakens, but your attempt to escape fails.
Your mana viper barely misses the tentacled monstrosity.
The tentacled monstrosity tentacle-slaps you but does no damage.
The tentacled monstrosity tentacle-slaps you.
* * * LOW HITPOINT WARNING * * *
The tentacled monstrosity tentacle-slaps you!
* * * LOW HITPOINT WARNING * * *
The tentacled monstrosity constricts you!
* * * LOW HITPOINT WARNING * * *
Your mana viper bites the tentacled monstrosity!
Casting: Summon Mana Viper (dangerous; 2% risk of failure)
Confirm with . or Enter, or press ? or * to list all spells.
You escape the tentacled monstrosity's grasp.
You blink.
Splash!
You fall into the shallow water.
Moving in this stuff is going to be slow.
Space becomes stable.
You hear a roar!
Your mana viper bites the tentacled monstrosity!
Casting: Blink (safe; 1% risk of failure)
Confirm with . or Enter, or press ? or * to list all spells.
A forested plane collides here with a resounding crunch!
Your dryad calls out to the forest.
The forest starts to sway and rumble!
Your mana viper bites the tentacled monstrosity but does no damage.
Your mana viper disappears in a puff of smoke!
You enter the shallow water.
Moving in this stuff is going to be slow.
You see here 15 gold pieces.
Casting: Summon Forest (dangerous; 2% risk of failure)
Confirm with . or Enter, or press ? or * to list all spells.
A mana viper appears with a sibilant hiss.
The tentacled monstrosity is hit by a branch!
The tentacled monstrosity tentacle-slaps you!
You die...
Your body crumbles into a pile of gold.

♣♣~~~~~~~§.~.♣ ♣.~~~~
♣.~~§~~~~~~.♣ ♣♣.~♣♣
♣~~~~~~~~~.§♣♣♣ ♣♣~§♣~
♣.§~~~~~~~~...♣♣♣♣~..§.
♣.~~~~~~~~~~....♣)...~~
♣♣~~~~~~~~~~.~~...~..~~
♣♣♣~.R~~~~~..~.~~~..~~
♣♣SX~~~~~♣♣♣♣.~~..~~
♣♣@~~~~~♣ ♣♣§~..§~
~~~...~~ ♣♣§~~~~.♣
♣♣~~.~~ ~~~.~~.♣
♣~~~~§.♣ ♣~.~~.
~~~~~~~♣ .~ ♣~~~~~.♣
♣...~~ ~~~~~~~♣
.~♣♣..~~~..♣ ♣...~.
~~~~~. ~~..~~~~~.♣♣
♣♣.♣♣♣ ~~~.♣
~~~~~~...♣♣ ♣♣~♣♣♣
...~♣♣
~~~~~~..♣♣♣♣♣♣♣..♣♣~
...~~♣ ~<~$~♣♣♣
♣~.§~.♣♣♣~


You could see a tentacled monstrosity (ally target), a friendly dryad (summoned)
and a friendly mana viper (summoned).

Vanquished Creatures
  A kobold brigand (Sewer)
  2 killer bees (D:11)
  4 electric eels (D:13)
  A bullfrog zombie (D:6)
  An adder (D:5)
  A ball python (Sewer)
  A bat (D:2)
  2 endoplasms (D:1)
  A frilled lizard (Sewer)
  A rat (D:2)
15 creatures vanquished.

Vanquished Creatures (collateral kills)
  Jorgrun (Swamp:3)
  The ghost of Pookh the Wrestler, an adept TrBe of Trog (Orc:1)
  A thorn hunter (Swamp:3)
  2 fenstrider witches
  2 eleionomae
  Azrael (D:15)
  A dire elephant (Lair:5)
  3 bunyips
  A shambling mangrove (Swamp:1)
  2 fire dragons (D:15)
  Josephine (D:11)
  7 hydras
  3 centaur warriors
  3 ghost crabs
  A catoblepas (Lair:5)
  Erica (D:11)
  4 two-headed ogres
  5 boulder beetles
  10 alligators
  A tengu warrior (D:15)
  3 orc high priests (Orc:2)
  3 death yaks (Lair:5)
  A skyshark (Lair:5)
  A pharaoh ant (Lair:2)
  A spriggan druid (Swamp:2)
  4 goliath frogs
  2 lindwurms (Lair:5)
  3 bog bodies
  11 swamp dragons
  7 orc knights
  8 orc sorcerers
  20 ugly things
  3 cyclopes
  5 manticores
  4 will-o-the-wisps
  19 elephants
  Joseph (Lair:1)
  3 black mambas (Lair:5)
  5 rime drakes
  4 gargoyles
  3 torpor snails
  2 unseen horrors
  16 cane toads
  2 efreet
  13 komodo dragons
  An ancient zyme (D:9)
  3 polar bears
  A queen bee (D:11)
  A queen bee (shapeshifter) (D:13)
  9 trolls
  A meliai (shapeshifter) (D:14)
  2 hornets (Swamp:1)
  A tarantella (shapeshifter) (D:13)
  14 blink frogs
  A hornet (shapeshifter) (D:13)
  6 tyrant leeches
  6 dream sheep
  2 jumping spiders (Lair:2)
  A jumping spider (shapeshifter) (D:13)
  2 water elementals
  4 wraiths
  13 slime creatures
  32 yaks
  3 wyverns
  A vampire (D:13)
  4 fire elementals (D:15)
  2 steam dragons
  11 vampire mosquitoes
  2 basilisks
  A large abomination (D:9)
  8 wargs
  A redback (Lair:2)
  7 swamp worms
  3 acid dragons
  18 water moccasins
  3 hell hounds (D:15)
  22 orc warriors
  A sky beast (D:6)
  4 black bears
  3 swamp drakes
  5 ogres
  4 wolves
  9 centaurs
  2 phantoms (D:9)
  A kobold brigand (Sewer)
  8 bullfrogs
  A wyvern zombie (D:6)
  7 necrophages
  2 gnoll sergeants (D:10)
  3 scorpions
  8 wights
  5 troll zombies (D:9)
  23 killer bees (D:11)
  An electric eel (Orc:1)
  2 bullfrog zombies (D:6)
  3 hounds
  A gnoll bouda (D:5)
  A human zombie (D:6)
  13 orc priests
  A jelly (D:7)
  2 sleepcaps (D:6)
  3 iguanas (D:6)
  25 orc wizards
  3 ogre zombies (D:9)
  6 small abominations
  2 mummies (D:6)
  A howler monkey zombie (D:6)
  15 adders
  15 gnolls
  A river rat (D:4)
  3 shadow imps
  A white imp (D:8)
  An ufetubus (D:5)
  A worm (D:2)
  5 dart slugs
  48 orcs
  4 endoplasms
  3 giant cockroaches
  4 goblins
  7 hobgoblins
  4 jackals
  2 quokkas (D:4)
  10 ball pythons
  3 bats
  10 frilled lizards
  2 goblin skeletons (D:9)
  5 hobgoblin zombies (D:9)
  6 kobolds
  3 orc skeletons (D:9)
  15 orc zombies (D:9)
  9 rats
  A starspawn tentacle (Swamp:1)
709 creatures vanquished.

Vanquished Creatures (others)
  2 hydras (D:14)
  2 alligators (Swamp:2)
  A spriggan druid (Swamp:3)
  The ghost of Thantalas the Shooter, a novice MiHu (D:6)
  A manticore (D:14)
  3 ugly things (D:14)
  A cyclops (D:14)
  A rime drake (Lair:1)
  A komodo dragon (Lair:5)
  A troll (D:9)
  A tyrant leech (Swamp:3)
  A bloated husk (Swamp:2)
  2 blink frogs (Lair:1)
  2 wraiths (D:11)
  A wyvern (D:8)
  6 yaks
  2 vampire mosquitoes (D:14)
  3 ice beasts
  3 wolves (Lair:4)
  A kobold brigand (Sewer)
  A wight (D:6)
  2 gnoll boudas (D:5)
  A sleepcap (D:5)
  An iguana (D:6)
  6 gnolls (D:5)
  An orc (D:5)
  8 foxfires (Swamp:1)
  33 snaplasher vines
  A starspawn tentacle (Swamp:1)
90 creatures vanquished.

Grand Total: 814 creatures vanquished

Notes
Turn   | Place    | Note
-------+----------+-------------------------------------------
     0 | D:1      | ThermosAquaticus the Felid Summoner began the quest for the
                  | Orb.
     0 | D:1      | Reached XP level 1. HP: 7/7 MP: 4/4
   310 | D:1      | Found a faded altar of an unknown god.
   396 | D:1      | Reached XP level 2. HP: 11/11 MP: 3/6
   399 | D:1      | Learned a level 2 spell: Call Imp
  1181 | D:2      | Reached XP level 3. HP: 14/14 MP: 8/8
  1185 | D:2      | Learned a level 3 spell: Call Canine Familiar
  1850 | D:3      | Reached XP level 4. HP: 18/18 MP: 4/9
  2478 | D:3      | Reached skill level 5 in Summonings
  2675 | D:3      | Learned a level 3 spell: Summon Guardian Golem
  2716 | D:4      | Noticed a scorpion
  2736 | D:4      | Killed a scorpion
  2737 | D:4      | Reached skill level 1 in Hexes
  2737 | D:4      | Reached XP level 5. HP: 21/21 MP: 3/11
  2863 | D:4      | Identified the +7 war axe "Zuvvaro" {protect, *Corrode
                  | Int+4 SInv}
  2998 | D:4      | Killed from afar by an orc priest
  2999 | D:4      | Reached XP level 4. HP: -6/18 MP: 9/11
  3199 | D:4      | Found a glowing drain.
  3203 | Sewer    | Entered a sewer
  3243 | Sewer    | Reached XP level 5. HP: 21/21 MP: 8/12
  3553 | Sewer    | Gained mutation: You are covered in thick fur. (AC +2)
                  | [Felid growth]
  3553 | Sewer    | Reached XP level 6. HP: 11/24 MP: 7/13
  4484 | D:4      | Reached skill level 5 in Hexes
  4485 | D:4      | Identified the +2 pair of boots of Oschefino {Int+5}
  4491 | D:4      | Learned a level 4 spell: Summon Lightning Spire
  4564 | D:4      | Reached XP level 7. HP: 27/27 MP: 12/15
  4791 | D:5      | Entered Level 5 of the Dungeon
  4791 | D:5      | Found a staircase to the Ecumenical Temple.
  4828 | Temple   | Entered the Ecumenical Temple
  4886 | Temple   | Became a worshipper of Gozag Ym Sagoz the Greedy
  4967 | D:5      | Reached skill level 5 in Spellcasting
  5044 | D:5      | Reached skill level 1 in Air Magic
  5948 | D:5      | Reached XP level 8. HP: 27/31 MP: 11/17
  6285 | D:6      | Noticed Thantalas's ghost (novice MiHu)
  6488 | D:6      | Found a runed translucent door.
  6917 | D:6      | Found a basalt altar of Yredelemnul.
  7047 | D:6      | Found a burning altar of Makhleb.
  7063 | D:6      | Reached XP level 9. HP: 34/34 MP: 14/20
  7116 | D:6      | Reached skill level 5 in Air Magic
  7865 | D:6      | Found Iaddud's Incredible Inventory.
  8120 | D:6      | Killed Thantalas's ghost
  8276 | D:7      | Reached skill level 3 in Dodging
  8337 | D:7      | Found Hiwin's Antique Weapon Emporium.
  8460 | D:7      | Found a hide-covered altar of Uskayaw.
  8750 | D:7      | Found Ricid's Distillery.
  8770 | D:7      | Reached skill level 1 in Fighting
  8839 | D:7      | Found Jola's Book Shoppe.
  8847 | D:7      | Bought a book of the Wilderness for 532 gold pieces
  8853 | D:7      | Learned a level 5 spell: Summon Forest
  9244 | D:8      | Found a hazy altar of Hepliaklqana.
  9246 | D:8      | Found a stormy altar of Qazlal.
  9247 | D:8      | Found a blossoming altar of Fedhas.
  9671 | D:8      | Reached skill level 1 in Translocations
  9676 | D:8      | Reached XP level 10. HP: 31/39 MP: 23/23
  9915 | D:8      | Found a staircase to the Lair.
  9933 | D:8      | Reached skill level 4 in Dodging
  9953 | Lair:1   | Entered Level 1 of the Lair of Beasts
  9963 | Lair:1   | Noticed a cane toad
  9988 | Lair:1   | Killed a cane toad
 10166 | Lair:1   | Reached skill level 5 in Dodging
 10167 | Lair:1   | Noticed a cane toad
 10183 | Lair:1   | Killed a cane toad
 10330 | Lair:1   | Reached skill level 10 in Summonings
 10341 | Lair:1   | Reached skill level 5 in Translocations
 10397 | Lair:1   | Reached skill level 6 in Dodging
 10517 | Lair:1   | Reached XP level 11. HP: 45/45 MP: 22/24
 10638 | Lair:1   | Noticed Joseph
 10658 | Lair:1   | Killed Joseph
 11596 | Lair:2   | Reached skill level 7 in Dodging
 11719 | Lair:2   | Reached skill level 5 in Fighting
 11721 | Lair:2   | Noticed a pharaoh ant
 11762 | Lair:2   | Killed a pharaoh ant
 11984 | Lair:2   | Found a hole to the Spider Nest.
 12112 | Lair:2   | You fall into a shaft and drop 1 floor!
 12172 | Lair:3   | Learned a level 5 spell: Summon Mana Viper
 12261 | Lair:3   | Demolished by a komodo dragon
 12262 | Lair:3   | Reached XP level 10. HP: -20/44 MP: 24/24
 12270 | Lair:3   | Reached skill level 8 in Dodging
 12281 | Lair:3   | Killed a torpor snail
 12368 | Lair:3   | Reached XP level 11. HP: 48/48 MP: 20/25
 12464 | Lair:3   | Noticed a six-headed hydra
 12496 | Lair:3   | Killed a six-headed hydra
 12654 | Lair:3   | Reached skill level 9 in Dodging
 12654 | Lair:3   | Reached skill level 10 in Spellcasting
 12748 | Lair:3   | Found a staircase to the Swamp.
 14081 | Lair:4   | Found a transporter.
 14084 | Lair:4   | Found a transporter.
 14085 | Lair:4   | Noticed an eight-headed hydra
 14236 | Lair:4   | Noticed a five-headed hydra
 14238 | Lair:4   | Noticed FlatIsJustice's ghost (journeyman DEEE)
 14279 | Lair:4   | Reached skill level 10 in Translocations
 14285 | Lair:4   | Reached skill level 10 in Dodging
 14446 | Lair:4   | Noticed an eight-headed hydra
 14470 | Lair:4   | Killed an eight-headed hydra
 14471 | Lair:4   | Reached skill level 10 in Hexes
 14471 | Lair:4   | Gained mutation: Your thick and shaggy fur keeps you warm.
                  | (AC +3, rC+) [Felid growth]
 14471 | Lair:4   | Reached XP level 12. HP: 54/54 MP: 18/27
 14748 | Lair:4   | Bought a scroll of teleportation for 45 gold pieces
 15198 | Lair:5   | Entered Level 5 of the Lair of Beasts
 15198 | Lair:5   | Found a staircase to the Slime Pits.
 15198 | Lair:5   | Found a viscous altar of Jiyva.
 15276 | Lair:5   | Reached skill level 11 in Dodging
 15431 | Lair:5   | Noticed a boulder beetle
 15457 | Lair:5   | Killed a boulder beetle
 15950 | Lair:5   | Noticed a death yak
 15954 | Lair:5   | Reached skill level 12 in Dodging
 15961 | Lair:5   | Noticed a death yak
 15997 | Lair:5   | Killed a death yak
 16002 | Lair:5   | Killed a death yak
 16023 | Lair:5   | Reached XP level 13. HP: 56/60 MP: 16/28
 16297 | Lair:5   | Noticed a fire dragon
 17432 | Lair:5   | Reached skill level 13 in Dodging
 17438 | Lair:5   | Reached skill level 10 in Fighting
 18005 | Lair:5   | HP: 3/61 [dream sheep (4)]
 18166 | Lair:5   | Noticed a dire elephant
 18204 | Lair:5   | Killed a dire elephant
 18591 | D:6      | Bought an Inescapable Atlas for 352 gold pieces
 18594 | D:6      | Learned a level 2 spell: Blink
 18602 | D:6      | Learned a level 7 spell: Storm Form
 18744 | D:9      | Found a staircase to the Orcish Mines.
 18744 | D:9      | You fall into a shaft and drop 2 floors!
 18756 | D:11     | Found Lagyxami's Book Shop.
 18883 | D:11     | Noticed Erica
 18897 | D:11     | Killed Erica
 18977 | D:11     | Noticed Josephine
 19034 | D:11     | Killed Josephine
 19035 | D:11     | Reached skill level 1 in Transmutations
 19296 | D:10     | Entered Level 10 of the Dungeon
 19936 | D:9      | Found a corrupted altar of Lugonu.
 20092 | D:9      | Found a transporter.
 20094 | D:9      | Found a transporter.
 20094 | D:9      | Found the +2 Maxwell's thermic engine {flame, freeze, rev}
 20574 | D:10     | Reached skill level 14 in Dodging
 20762 | D:10     | Found the +9 scales of the Dragon King {rPois rF+ rC+
                  | Will+}
 21408 | D:11     | Reached XP level 14. HP: 66/66 MP: 22/29
 21707 | D:11     | Found Sohueto's Self-Improvement Boutique.
 21992 | D:12     | Noticed Gastronok
 23334 | Orc:1    | Entered Level 1 of the Orcish Mines
 23348 | Orc:1    | Reached skill level 10 in Air Magic
 23734 | Orc:2    | Entered Level 2 of the Orcish Mines
 23734 | Orc:2    | Found a staircase to the Elven Halls.
 24064 | Orc:2    | Reached skill level 5 in Transmutations
 24486 | Orc:2    | Reached skill level 15 in Dodging
 25019 | Orc:2    | Found Belagidu's Distillery.
 25024 | Orc:2    | Found Apenapen's Antique Armour Shop.
 25031 | Orc:2    | Found Extyjits's Distillery.
 25033 | Orc:2    | Found Fane's Magic Scroll Emporium.
 25042 | Orc:2    | Bought a scroll of magic mapping for 127 gold pieces
 25505 | Orc:1    | Found a runed translucent gate.
 25505 | Orc:1    | Found a runed translucent gate.
 25506 | Orc:1    | Found a runed translucent gate.
 25507 | Orc:1    | Found an opulent altar of Gozag.
 25508 | Orc:1    | Found Xais's Assorted Antiques.
 25508 | Orc:1    | Noticed Pookh's ghost (adept TrBe)
 25557 | Orc:1    | Killed Pookh's ghost
 25611 | Orc:1    | Bought a sapphire ring for 95 gold pieces
 25611 | Orc:1    | Bought a thin zirconium amulet for 95 gold pieces
 25991 | D:13     | Found a gate to the Vaults.
 26759 | D:13     | Found a portal to a secret trove of treasure.
 27613 | D:14     | Reached XP level 15. HP: 72/72 MP: 18/30
 27941 | D:14     | Reached skill level 16 in Dodging
 28239 | D:15     | Entered Level 15 of the Dungeon
 28374 | D:15     | Noticed Azrael
 28398 | D:15     | Killed Azrael
 30279 | D:13     | You paid a toll of 4 scrolls of blinking to enter a
                  | treasure trove
 30280 | Trove    | Entered a treasure trove
 30289 | Trove    | Identified the amulet "Kamaheal" {Drain rElec rC+ rN+
                  | Regen+}
 30556 | D:15     | Found a staircase to the Depths.
 30631 | D:15     | Upgraded the game from 0.31-a0-152-g6aa68a64a1 to
                  | 0.31-a0-154-g56bf346678
 30806 | Swamp:1  | Entered Level 1 of the Swamp
 30922 | Swamp:1  | Killed from afar by a will-o-the-wisp
 30923 | Swamp:1  | Reached XP level 14. HP: -7/69 MP: 18/29
 31562 | Swamp:1  | Noticed Nikola
 31565 | Swamp:1  | Noticed Mlioglotl
 31666 | Swamp:1  | Noticed a tentacled starspawn
 31893 | Swamp:2  | Reached skill level 17 in Dodging
 32958 | Swamp:2  | Noticed a fenstrider witch
 32973 | Swamp:2  | Killed a fenstrider witch
 32974 | Swamp:2  | Reached XP level 15. HP: 74/74 MP: 10/30
 33562 | Swamp:3  | Noticed a thorn hunter
 33594 | Swamp:3  | Killed a thorn hunter
 34082 | Swamp:3  | Noticed Jorgrun
 34099 | Swamp:3  | Killed Jorgrun
 34894 | Swamp:4  | Entered Level 4 of the Swamp
 34894 | Swamp:4  | Noticed a fenstrider witch
 35058 | Swamp:4  | Noticed a tentacled monstrosity
 35064 | Swamp:4  | Mangled by a bunyip
 35065 | Swamp:4  | Reached XP level 14. HP: -6/70 MP: 15/29
 35149 | Swamp:4  | Killed a fenstrider witch
 35150 | Swamp:4  | Reached skill level 10 in Transmutations
 35524 | Swamp:4  | HP: 2/71 [constriction (9)]
 35530 | Swamp:4  | Mangled by a tentacled monstrosity

Illustrated notes

Levels and vault maps discovered:
D:1:      minmay_arrival_glassed_features, layout_basic,
          dreamdust_ecumenical_altar_grove, hex_medium,
          minmay_stone_trees_small, minmay_misc_feat_rugged
D:2:      layout_loops_ring
D:3:      layout_loops_cross, kennysheep_generic_room_2
D:4:      layout_loops_ring, gup_sewer_entry_bowl
D:5:      layout_loops_ring, minmay_temple_entry_drinking_statues
D:6:      layout_loops_ring, lemuel_tele_altar,
          lemuel_mausoleum_altar_yredelemnul, hellmonk_ghost_happy_afterlife,
          nicolae_alphabet_shops, minmay_misc_feat_secret_circle
D:7:      layout_cave_pods, nicolae_uskayaw_suspiria, serial_shops, shop,
          nicolae_shop_rolling_square, shop
D:8:      layout_basic, chequers_temple_overflow_statue_of_worship,
          david_lair_shrubbed
D:9:      gammafunk_corrupted_shrine, layout_basic, zombieorc2_lemuel,
          serial_corexii_hall, corexii_hall_statues_deadend,
          corexii_hall_statues_x, minivault_16
D:10:     layout_long_grid
D:11:     layout_roguey [special_room_bee], serial_shops, nicolae_square_shop,
          nicolae_shop_self_help, uniq_erica, uniq_josephine
D:12:     layout_loops_corners, uniq_gastronok
D:13:     layout_basic, david_vaults_2, nicolae_trove_entry_diagonal
D:14:     layout_small_grid
D:15:     grunt_enter_depths_hoard, layout_long_grid, serial_park_fountain,
          uniq_azrael
Temple:   eino_temple_rhombus
Lair:1:   layout_cave_pods, beast_lair_carwin_9, uniq_joseph
Lair:2:   layout_chaotic_city, nicolae_spider_entry_lesser_pyramids,
          gauntlet_entry_generic
Lair:3:   beargit_carnivore_pack, layout_regular_city, swamp_mist_pool,
          roderic_carrion_pond, serial_bayou_shore_b
Lair:4:   layout_small_grid, nzn_ghost_randoct
Lair:5:   guppyfry_lair_end_dragon, layout_gridlike, hangedman_lair_in_review,
          slime_entry_1
Swamp:1:  layout_basic_swamp, evilmike_swamp_ruin_house_5, uniq_nikola,
          uniq_mlioglotl
Swamp:2:  layout_basic_swamp, evilmike_swamp_ruin_rubble_1
Swamp:3:  layout_basic_swamp, hangedman_swamp_cone, swamp_pool2, uniq_jorgrun
Swamp:4:  swamp_vile, layout_basic_swamp
Orc:1:    layout_diamond_mine, ebering_ghost_gozag, nooodl_orcs_dogs
Orc:2:    st_orc_elflike, layout_caves, basic_altar

Skill      XL: |  1  2  3  4  5  6  7  8  9 10 11 12 13 14 15 |
---------------+----------------------------------------------+-----
Spellcasting   | 3 4 5 6 8 10 | 10.3
Summonings     | 5 6 7 8 9 10 | 10.4
Hexes          | 1 4 5 10 | 10.0
Air Magic      | 2 4 6 7 8 9 12 11 | 12.4
Dodging        | 3 8 10 12 14 17 16 | 17.7
Fighting       | 1 3 7 9 10 13 | 13.7
Translocations | 1 8 10 | 10.0
Transmutations | 3 10 8 | 10.1
Stealth        | |  2.6

Action                     |  1- 3 |  4- 6 |  7- 9 | 10-12 | 13-15 || total
---------------------------+-------+-------+-------+-------+-------++-------
  Melee: Unarmed           |    11 |    11 |    22 |     9 |    50 ||   103
         Bite              |       |     3 |     3 |     2 |    11 ||    19
         Punch             |       |       |     1 |       |       ||     1
   Cast: Summon Small Mamm |    13 |       |     2 |       |     2 ||    17
         Call Imp          |    12 |    10 |     3 |       |     1 ||    26
         Call Canine Famil |     4 |    34 |    46 |    28 |    74 ||   186
         Summon Guardian G |       |     4 |    32 |    13 |    18 ||    67
         Summon Lightning  |       |       |     1 |    56 |   111 ||   168
         Summon Forest     |       |       |       |    19 |    64 ||    83
         Summon Mana Viper |       |       |       |       |   150 ||   150
         Blink             |       |       |       |       |     4 ||     4
 Invoke: Call Merchant     |       |       |       |     2 |     1 ||     3
  Evoke: Wand              |       |       |       |       |     7 ||     7
         Lightning rod     |       |       |       |       |     1 ||     1
    Use: Potion            |       |     4 |       |     1 |     5 ||    10
         Scroll            |       |     3 |     5 |     2 |    20 ||    30
   Stab: Distracted        |       |       |     1 |     2 |     2 ||     5
 Armour: Skin              |       |       |     3 |     2 |    15 ||    20
  Dodge: Dodged            |    13 |    32 |    50 |    73 |   389 ||   557
  Block: Other             |       |       |       |     5 |    64 ||    69
         Reflection        |       |       |       |       |     2 ||     2

Table legend: (Time is in decaauts)
 A = Elapsed time spent in this place.
 B = Non-inter-level travel time spent in this place.
 C = Inter-level travel time spent in this place.
 D = Time resting spent in this place.
 E = Time spent auto-exploring this place.
 F = Levels seen in this place.
 G = Mean time per level.
                   A        B        C        D        E       F      G
               +--------+--------+--------+--------+--------+-----+--------+
         Total |  31862 |  30209 |   1653 |   7992 |  12516 |  29 | 1098.7 |
       Dungeon |  16276 |  15087 |   1189 |   2904 |   7326 |  15 | 1085.1 |
        Temple |     60 |     48 |     12 |      0 |      0 |   1 |   60.0 |
          Lair |   7593 |   7342 |    251 |   1821 |   3158 |   5 | 1518.6 |
         Swamp |   4526 |   4457 |     69 |   2564 |    736 |   4 | 1131.5 |
  Orcish Mines |   2215 |   2084 |    131 |    526 |    844 |   2 | 1107.5 |
         Trove |     48 |     48 |      0 |      0 |      0 |   1 |   48.0 |
         Sewer |   1141 |   1141 |      0 |    176 |    450 |   1 | 1141.0 |
               +--------+--------+--------+--------+--------+-----+--------+

Top non-repeatable levels by time:
  Lair:5: 2865 daAuts
 Swamp:3: 1570 daAuts
 Swamp:2: 1558 daAuts
     D:6: 1546 daAuts
     D:5: 1443 daAuts
    D:12: 1439 daAuts
   Orc:2: 1394 daAuts
    D:15: 1367 daAuts
    D:11: 1330 daAuts
    D:14: 1324 daAuts
  Lair:1: 1312 daAuts
  Lair:3: 1252 daAuts
  Lair:4: 1230 daAuts
     D:9: 1165 daAuts
   Sewer: 1141 daAuts
